 Dungeon Crawl Stone Soup version 0.27-a0-1334-g2746e35aca (webtiles) character file.

Game seed: 10535925471042610208

5 spiderkeys the Skirmisher (level 1, -8/16 HPs)
             Began as an Octopode Abyssal Knight on June 26, 2021.
             Was a Follower of Lugonu.
             Mangled by a gnoll (11 damage)
             ... on level 1 of the Dungeon.
             The game lasted 00:00:28 (413 turns).

spiderkeys the Skirmisher (Octopode Abyssal Knight)  Turns: 413, Time: 00:00:29

Health: -8/16      AC:  1    Str: 11    XL:     1   Next: 80%
Magic:  2/2        EV: 13    Int: 14    God:    Lugonu [*.....]
Gold:   0          SH:  0    Dex: 11    Spells: 0/0 levels left

rFire    . . .     SeeInvis .   a - +1 spear
rCold    . . .     Faith    .   (no shield)
rNeg     . . .     Spirit   .   (helmet restricted)
rPois    .         Reflect  .   (no amulet)
rElec    .         Harm     .   (no ring)
rCorr    .         Rampage  .   (no ring)
Will     .....                  (no ring)
Stlth    ++........             (no ring)
HPRegen  0.05/turn              (no ring)
MPRegen  0.08/turn              (no ring)
                                (no ring)
                                (no ring)

@: no status effects
A: almost no armour, amphibious, 8 rings, camouflage 1, gelatinous body 1,
(nimble swimmer 1), tentacles
a: Renounce Religion, Depart the Abyss


You were on level 1 of the Dungeon.
You worshipped Lugonu.
Lugonu was aware of your devotion.
You visited 1 branch of the dungeon, and saw 1 of its levels.
You visited the Abyss 1 time.


Innate Abilities, Weirdness & Mutations

You cannot wear most types of armour.
You are amphibious.
You can wear up to eight rings at the same time.
Your skin changes colour to match your surroundings (Stealth+).
Your rubbery body absorbs attacks. (AC +1, EV +1)
((You are camouflaged near water. (Stealth+)))
You have tentacles for arms and can constrict up to eight enemies at once.


   Skills:
 + Level 3.1 Fighting
 + Level 2.1 Polearms
 + Level 2.4 Dodging
 + Level 2.1 Invocations


You couldn't memorise any spells.
You didn't know any spells.
Your spell library was empty.

Inventory:

Hand Weapons
 a - a +1 spear (weapon)
Missiles
 b - 17 stones

Dungeon Overview and Level Annotations

Branches:
Dungeon (1/15)

Altars:

# #.# #.# # #.#
#.# # #.###.## #
#####.##...##
###...#.#.....##
......#...###..###
###...#...# #....#
####.##...###.[#.#
..............##@#
.............###g#
####.#####..## #g#
# #.# #..# #.# #
#.# #..# #.# # #.#
#... ..# # #.. ##
#.# # ## ...


You could see a gnoll and a hobgoblin.


Message History

You constrict the giant cockroach.
You kill the giant cockroach!
Lugonu accepts your kill.
Key pressed, stopping explore.
A kobold comes into view.
It is wielding a +0 short sword. 😎 HP[+6]
Your hp is fully restored (16).
A kobold is nearby!
A kobold is nearby!
A kobold is nearby!
A hobgoblin and a kobold come into view.
The kobold shouts! x2
A goblin comes into view. It is wielding a +0 club.
The hobgoblin moves out of view.
You reach to attack!
You closely miss the kobold.
The goblin shouts!
You hit the kobold but do no damage. Your grab misses the kobold.
The kobold hits you but does no damage.
You closely miss the kobold. You grab the kobold.
You squeeze the kobold, but do no damage.
You constrict the kobold, but do no damage.
The kobold hits you with a +0 short sword. 😕 HP[-3]
You take 3 damage, and now have 13/16 hp.
You hit the kobold.
You kill the kobold!
Lugonu accepts your kill.
Things that are here:
a +0 short sword; 3 stones You hit the kobold but do no damage.
Your grab misses the kobold. The kobold closely misses you.
You hit the goblin. You grab the goblin. You constrict the goblin.
The kobold hits you with a +0 dagger.
The goblin escapes! 😮 HP[-1]
You take 1 damage, and now have 12/16 hp.
You are too injured to fight recklessly!
You are too injured to fight recklessly!
You are too injured to fight recklessly!
You are too injured to fight recklessly!
You completely miss the goblin. Your grab misses the goblin.
The kobold misses you. The goblin closely misses you.
You hit the goblin.
You kill the goblin!
Lugonu accepts your kill. The kobold barely misses you.
You closely miss the kobold. You grab the kobold. You constrict the kobold.
The hobgoblin barely misses you.
The kobold hits you with a +0 dagger. 😮 HP[-1]
You take 1 damage, and now have 11/16 hp.
You barely miss the kobold. You constrict the kobold.
You kill the kobold!
Lugonu accepts your kill. The hobgoblin hits you.
* * * LOW HITPOINT WARNING * * *
😨 HP[-3]
You take 3 damage, and now have 8/16 hp.
You closely miss the hobgoblin. Your grab misses the hobgoblin.
The hobgoblin closely misses you.
You hit the hobgoblin but do no damage. You grab the hobgoblin.
Your squeeze misses the hobgoblin. You constrict the hobgoblin.
The hobgoblin closely misses you.
You hit the hobgoblin.
You constrict the hobgoblin, but do no damage.
The hobgoblin barely misses you.
You hit the hobgoblin.
You kill the hobgoblin!
Lugonu accepts your kill.
You aren't in the Abyss!
You aren't in the Abyss!
You aren't in the Abyss!
Key pressed, stopping explore.
Key pressed, stopping explore.
Key pressed, stopping explore.
b - 17 stones (gained 3)
Things that are here:
a +0 dagger; a +0 short sword; a kobold corpse 😎 HP[+8]
Your hp is fully restored (16).
Found a stone staircase leading down.
Key pressed, stopping explore.
A gnoll comes into view. It is wielding a +3 spear.
A gnoll is nearby!
The gnoll shouts!
You hear a shout!
The gnoll closely misses you.
A hobgoblin comes into view.
You reach to attack!
You hit the gnoll.
The gnoll hits you from afar with a +3 spear! 😮 HP[-7]
You take 7 damage, and now have 9/16 hp.
MASSIVE DAMAGE!! (PAUSE)
The gnoll hits you with a +3 spear.
* * * LOW HITPOINT WARNING * * *
😱 HP[-6]
You take 6 damage, and now have 3/16 hp.
MASSIVE DAMAGE!! (PAUSE)
You closely miss the gnoll. You grab the gnoll. You constrict the gnoll.
The gnoll barely misses you.
You hit the gnoll. You constrict the gnoll. The gnoll hits you with a +3 spear!
Ouch! That really hurt!
You die...

Action                   || total
-------------------------++-------
Melee: Spear             ||    23
       Constrict         ||     6
       Tentacles         ||     1
 Stab: Sleeping          ||     1
Armor: Skin              ||     2
Dodge: Dodged            ||    11

Levels and vault maps discovered:
D:1:      co_arrival_square_in_a_square_in_a_square, layout_loops_ring,
          shapermc_ecumenical_altar_flowoftime

Notes
Turn   | Place    | Note
-------+----------+-------------------------------------------
     0 | Abyss:1  | spiderkeys the Octopode Abyssal Knight began the quest for
                  | the Orb.
     0 | Abyss:1  | Reached XP level 1. HP: 16/16 MP: 2/2
     0 | Abyss:1  | magus.rc [v1.9.10]
    55 | Abyss:1  | Noticed a white very ugly thing
    55 | Abyss:1  | Noticed a white ugly thing
    55 | Abyss:1  | Noticed a white ugly thing
    55 | Abyss:1  | Noticed a white ugly thing
   100 | D:1      | You pass through the gate.
   100 | D:1      | Escaped the Abyss
   411 | D:1      | HP: 3/16 [gnoll (6)]
   413 | D:1      | Mangled by a gnoll

Vanquished Creatures
  A giant cockroach (D:1)
  A goblin (D:1)
  A hobgoblin (D:1)
  2 kobolds (D:1)
5 creatures vanquished.

Table legend:
 A = Non-vault XP
 B = Vault XP
 C = Vault XP percentage of total XP
 D = Non-vault monster count
 E = Vault monster count
 F = Vault count percentage of total count
                 A         B        C        D         E       F
            +---------+---------+-------+---------+---------+-------
      Total |       8 |       0 |   0.0 |       5 |       0 |   0.0
            +---------+---------+-------+---------+---------+-------
        D:1 |       8 |       0 |   0.0 |       5 |       0 |   0.0
            +---------+---------+-------+---------+---------+-------

Illustrated notes

Table legend:
 A = Kills in this place as a percentage of kills in entire the game.
 B = Kills by you in this place as a percentage of kills by you in the entire game.
 C = Kills by friends in this place as a percentage of kills by friends in the entire game.
 D = Other kills in this place as a percentage of other kills in the entire game.
 E = Experience gained in this place as a percentage of experience gained in the entire game.
 F = Experience gained in this place divided by the number of levels of this place that you have seen.
                   A       B       C       D       E      F
               +-------+-------+-------+-------+-------+----------------------
         Total | 100.0 | 100.0 |   N/A |   N/A | 100.0 |   4.0
       Dungeon | 100.0 | 100.0 |   N/A |   N/A | 100.0 |   8.0
               +-------+-------+-------+-------+-------+----------------------

Table legend: (Time is in decaauts)
 A = Elapsed time spent in this place.
 B = Non-inter-level travel time spent in this place.
 C = Inter-level travel time spent in this place.
 D = Time resting spent in this place.
 E = Time spent auto-exploring this place.
 F = Levels seen in this place.
 G = Mean time per level.
                   A        B        C        D        E       F      G
               +--------+--------+--------+--------+--------+-----+--------+
         Total |    412 |    412 |      0 |      0 |    333 |   2 |  206.0 |
       Dungeon |    312 |    312 |      0 |      0 |    278 |   1 |  312.0 |
         Abyss |    100 |    100 |      0 |      0 |     55 |   1 |  100.0 |
               +--------+--------+--------+--------+--------+-----+--------+

Top non-repeatable levels by time:
     D:1: 312 daAuts
 Abyss:1: 100 daAuts
